Map: Dusk Towers

Players

Fropez

  • Race: Protoss Protoss
  • League: Silver
  • Spawn Location: 7:00

NEODAEDALUS - Winner!

  • Race: Protoss Protoss
  • League: Silver
  • Spawn Location: 1:00

VOD

Have the link to the VOD?

Description

Time

  • Played on: April 20, 2016, 11:41 p.m.
  • Length: 10:50
Show
View Real Time Build Order
Export as new Build Order

Fropez Protoss 

Build Orders:  

Get SALT Encoding   

  12  0:02  Probe (Chrono Boost)  
  13  0:17  Pylon  
  13  0:18  Probe (Chrono Boost)  
  14  0:28  Probe (Chrono Boost)  
  15  0:36  Gateway  
  15  0:42  Assimilator  
  15  0:45  Probe (Chrono Boost)  
  16  0:56  Probe (Chrono Boost)  
  17  0:58  Pylon  
  17  1:06  Probe (Chrono Boost)  
  18  1:17  Probe (Chrono Boost)  
  19  1:24  Cybernetics Core  
  19  1:27  Probe (Chrono Boost)  
  19  1:31  Assimilator  
  20  1:38  Probe (Chrono Boost), Zealot  
  23  1:48  Probe (Chrono Boost)  
  23  1:52  Pylon  
  24  2:01  Mothership Core (Chrono Boost)  
  26  2:02  Warp Gate (Chrono Boost)  
  26  2:05  Zealot  
  28  2:19  Probe (Chrono Boost)  
  29  2:29  Probe (Chrono Boost)  
  30  2:40  Nexus  
  30  2:45  Probe (Chrono Boost)  
  30  2:50  Zealot  
  33  3:00  Probe (Chrono Boost)  
  33  3:02  Pylon  
  34  3:10  Probe (Chrono Boost)  
  35  3:18  Gateway  
  35  3:21  Probe (Chrono Boost)  
  35  3:26  Stalker  
  38  3:40  Pylon  
  38  3:46  Probe  
  38  3:47  Assimilator  
  39  3:51  Assimilator  
  39  3:52  Probe  
  40  3:59  Probe  
  41  4:10  Stargate  
  41  4:22  Stalker  
  43  4:25  Pylon  
  43  4:27  Robotics Facility  
  43  4:33  Probe  
  43  4:34  Pylon, Probe  
  43  4:37  Sentry  
  47  4:44  Probe  
  47  4:46  Pylon, Probe  
  49  4:54  Probe  
  49  4:59  Probe  
  51  5:27  Oracle  
  54  5:34  Probe  
  54  5:35  Probe  
  54  5:36  Pylon  
  54  5:40  Stalker x2  
  52  5:45  Probe  
  52  5:48  Probe  
  52  5:56  Probe  
  52  6:00  Probe  
  52  6:01  Forge  
  54  6:04  Pylon  
  54  6:06  Probe  
  54  6:08  Stalker  
  54  6:09  Stalker  
  59  6:12  Probe  
  59  6:17  Probe  
  60  6:24  Probe  
  62  6:27  Probe  
  63  6:33  Observer  
  63  6:36  Probe, Stalker x2  
  63  6:38  Probe  
  70  6:45  Gateway  
  70  6:48  Probe x2  
  72  6:54  Observer  
  72  7:00  Probe  
  74  7:08  Pylon  
  71  7:37  Void Ray (Chrono Boost)  
  71  7:42  Protoss Ground Weapons Level 1  
  75  7:45  Probe  
  75  7:46  Probe  
  77  7:54  Photon Cannon  
  77  7:56  Nexus, Probe  
  78  8:00  Assimilator  
  78  8:04  Assimilator  
  78  8:07  Pylon x2  
  78  8:09  Protoss Air Weapons Level 1 (Chrono Boost)  
  78  8:12  Pylon  
  78  8:14  Pylon, Probe x2  
  80  8:20  Pylon, Void Ray (Chrono Boost)  
  80  8:25  Immortal  
  80  8:26  Probe x2  
  89  8:38  Probe  
  89  8:43  Probe  
  89  8:47  Stalker x3  
  96  8:50  Probe  
  96  8:55  Probe  
  98  8:57  Twilight Council  
  98  9:00  Pylon  
  98  9:04  Pylon  
  98  9:08  Stargate  
  98  9:10  Fleet Beacon  
  98  9:28  Probe  
  98  9:29  Probe  
  100  9:34  Void Ray (Chrono Boost)  
  104  9:40  Probe  
  104  9:41  Templar Archives  
  104  9:42  Probe  
  102  9:46  Sentry x3  
  102  9:52  Probe  
  115  10:25  High Templar  
  115  10:26  High Templar x2  
  115  10:41  Archon  
Show
View Real Time Build Order
Export as new Build Order

NEODAEDALUS Protoss - Winner!

Build Orders:  

Get SALT Encoding   

  12  0:14  Probe (Chrono Boost)  
  12  0:16  Pylon  
  13  0:25  Probe (Chrono Boost)  
  15  0:35  Probe (Chrono Boost)  
  15  0:38  Gateway  
  15  0:49  Probe (Chrono Boost)  
  16  0:50  Assimilator  
  16  1:00  Probe (Chrono Boost)  
  16  1:03  Forge  
  17  1:10  Probe (Chrono Boost)  
  18  1:20  Pylon  
  18  1:21  Probe (Chrono Boost)  
  19  1:33  Cybernetics Core  
  19  1:34  Zealot (Chrono Boost)  
  21  1:48  Photon Cannon  
  21  1:56  Probe  
  22  2:18  Nexus  
  22  2:24  Mothership Core (Chrono Boost)  
  24  2:30  Assimilator  
  24  2:32  Warp Gate  
  24  2:44  Photon Cannon  
  24  2:53  Probe (Chrono Boost)  
  25  3:03  Probe (Chrono Boost)  
  26  3:11  Pylon  
  26  3:16  Stalker  
  26  3:19  Probe (Chrono Boost)  
  29  3:26  Pylon  
  29  3:29  Probe (Chrono Boost)  
  29  3:31  Probe (Chrono Boost)  
  31  3:40  Probe (Chrono Boost)  
  33  3:41  Probe (Chrono Boost)  
  33  3:50  Probe (Chrono Boost), Stargate, Stalker  
  36  4:01  Probe (Chrono Boost)  
  38  4:02  Probe (Chrono Boost)  
  38  4:07  Assimilator  
  38  4:12  Probe (Chrono Boost)  
  38  4:13  Pylon, Probe (Chrono Boost)  
  40  4:23  Probe (Chrono Boost)  
  41  4:26  Twilight Council  
  41  4:32  Probe (Chrono Boost)  
  41  4:33  Oracle (Chrono Boost)  
  45  4:41  Photon Cannon  
  45  4:43  Probe  
  46  4:51  Pylon  
  46  4:53  Probe  
  46  4:54  Assimilator  
  46  4:56  Stalker  
  49  5:04  Probe  
  50  5:14  Probe, Robotics Facility  
  50  5:15  Dark Shrine  
  49  5:51  Void Ray (Chrono Boost)  
  49  5:55  Gateway  
  53  5:58  Gateway  
  53  6:00  Gateway  
  53  6:04  Observer  
  54  6:05  Probe  
  55  6:13  Photon Cannon  
  55  6:15  Probe  
  55  6:18  Photon Cannon  
  56  6:21  Pylon  
  56  6:25  Immortal  
  60  6:26  Probe  
  60  6:27  Sentry  
  63  6:36  Probe  
  63  6:37  Void Ray (Chrono Boost)  
  68  6:40  Probe  
  69  6:47  Probe  
  69  6:52  Probe  
  71  6:58  Probe  
  72  7:03  Warp Prism  
  72  7:07  Dark Templar  
  72  7:08  Dark Templar x3  
  82  7:29  Robotics Facility  
  82  7:41  Dark Templar x2  
  86  7:45  Nexus  
  86  7:50  Pylon  
  86  7:52  Pylon  
  86  7:56  Pylon  
  86  7:59  Pylon  
  86  8:03  Archon x2  
  86  8:11  Dark Templar x2  
  90  8:17  Assimilator  
  90  8:21  Assimilator  
  90  8:45  Dark Templar x2  
  90  8:46  Dark Templar x2  
  98  8:50  Warp Prism, Immortal  
  104  8:57  Probe  
  105  9:07  Probe  
  106  9:11  Void Ray (Chrono Boost)  
  110  9:18  Probe  
  110  9:19  Zealot x4  
  110  9:22  Archon x2  
  119  9:26  Immortal  
  119  9:28  Probe  
  124  9:36  Immortal  
  128  9:39  Probe  
  129  10:05  Stalker x2  
  126  10:43  Stalker x3  
Tags
 
Matchup
PvP
Replay Pack
All Mines
Spawn Locations
Cross Positions
Add a new tag
Caveats
  • Supply blocks, unpowered buildings, or Contaminate may cause inaccurate times.
  • Supply counts are checked every 10 seconds.